 Dungeon Crawl Stone Soup version 0.29.1-12-g30fa7ad0bf (webtiles) character file.

Game seed: 15304727208275320187

1066 mopl the Tainter (level 8, -1/57 HPs)
             Began as a Formicid Venom Mage on Jan 16, 2023.
             Was an Initiate of Okawaru.
             Slain by an ice beast (12 damage)
             ... on level 6 of the Dungeon.
             The game lasted 00:10:13 (6636 turns).

mopl the Tainter (Formicid Venom Mage)              Turns: 6636, Time: 00:10:14

Health: -1/57      AC:  3    Str: 16    XL:     8   Next: 52%
Magic:  12/12      EV: 12    Int: 14    God:    Okawaru [......]
Gold:   224        SH:  5    Dex: 14    Spells: 8/13 levels left

rFire   . . .      SeeInvis +   b - +4 whip
rCold   . . .      Faith    .   t - +0 buckler
rNeg    . . .      Spirit   .   r - +0 robe
rPois   .          Reflect  .   (helmet unavailable)
rElec   .          Harm     .   (no cloak)
rCorr   .          Rampage  .   l - +0 pair of gloves
Will    .....                   (no boots)
Stlth   ++........              (no amulet)
HPRegen 0.19/turn               (no ring)
MPRegen 0.13/turn               (no ring)

@: no status effects
A: permanent stasis, dig shafts and tunnels, antennae 3, four strong arms
a: Dig, Shaft Self, Renounce Religion


You were on level 6 of the Dungeon.
You worshipped Okawaru.
Okawaru was noncommittal.
You visited 2 branches of the dungeon, and saw 7 of its levels.
You also visited: Ossuary.

You collected 224 gold pieces.

Inventory:

Hand Weapons
 a - a +2 dagger of venom
 b - a +4 whip (weapon)
 z - a +3 flail
Missiles
 h - 10 poisoned darts
Armour
 l - a +0 pair of gloves (worn)
 r - a +0 robe (worn)
 t - a +0 buckler (worn)
Magical Staves
 p - a staff of fire
Wands
 c - a wand of light (13)
Scrolls
 d - 3 scrolls of identify
 e - a scroll of blinking {unknown}
 f - 3 scrolls of teleportation {unknown}
 j - a scroll of fog {unknown}
 m - a scroll of poison {unknown}
 o - 4 scrolls of fear {unknown}
 s - a scroll of noise {unknown}
 y - a scroll of amnesia {unknown}
Potions
 g - 3 potions of magic
 i - 3 potions of heal wounds
 k - 3 potions of mutation {!q}
 n - a potion of flight
 q - a potion of haste
 u - a potion of ambrosia
 v - a potion of might
 w - a potion of attraction
 x - a potion of curing


   Skills:
 + Level 2.8 Fighting
 + Level 2.8 Armour
 + Level 3.0 Dodging
 - Level 2.4 Stealth
 + Level 3.6 Shields
 - Level 3.0 Spellcasting
 - Level 1.1 Transmutations
 + Level 9.3 Poison Magic
 + Level 1.9 Invocations
 + Level 2.3 Evocations


You had 8 spell levels left.
You knew the following spells:

 Your Spells              Type           Power      Damage    Failure   Level
a - Sting                 Tmut/Pois      64%        1d6       3%          1
o - Olgreb's Toxic Radia  Pois           28%        N/A       5%          4

Your spell library contained the following spells:

 Spells                   Type           Power      Damage    Failure   Level
 Poisonous Vapours        Pois/Air       30%        N/A       6%          2
 Mephitic Cloud           Conj/Pois/Air  10%        N/A       22%         3
 Foxfire                  Conj/Fire      8%         2x1d4     26%         1
 Shock                    Conj/Air       8%         1d3       26%         1
 Conjure Flame            Conj/Fire      2%         6-21      61%         3
 Inner Flame              Hex/Fire       2%         N/A       61%         3
 Flame Wave               Conj/Fire      2%         2d4       95%         4


Dungeon Overview and Level Annotations

Branches:
Dungeon (6/15)             Temple (1/1) D:5         Ossuary (visited)

Altars:
Ashenzari
Dithmenos
Elyvilon
Fedhas
Gozag
Kikubaaqudgha
Makhleb
Nemelex Xobeh
Okawaru
Qazlal
Ru
Sif Muna
Trog
Uskayaw
Vehumet
Wu Jian
Xom
Yredelemnul
Zin
The Shining One


Innate Abilities, Weirdness & Mutations

You cannot be hasted, slowed, berserked, paralysed or teleported.
You can dig through walls and to a lower floor.
You have a pair of large antennae on your head. (SInv)
Your four strong arms can wield two-handed weapons with a shield.


Message History

There is a stone staircase leading up here.
Found a stone staircase leading down.
Found a stone staircase leading down.
An ice beast comes into view.
You can't see any susceptible monsters within range! (Use Z to cast anyway.)
Okay, then.
Okay, then.
You hit the ice beast.
The ice beast is moderately wounded.
You block the ice beast's attack.
You hit the ice beast.
The ice beast is moderately wounded.
The ice beast hits you but does no damage.
You barely miss the ice beast.
The ice beast is moderately wounded.
The ice beast hits you but does no damage.
You hit the ice beast.
The ice beast is heavily wounded.
The ice beast hits you but does no damage.
You barely miss the ice beast.
The ice beast is heavily wounded.
The ice beast hits you. The ice beast freezes you!
You hit the ice beast but do no damage.
The ice beast is heavily wounded.
The ice beast closely misses you.
You hit the ice beast but do no damage.
The ice beast is heavily wounded.
The ice beast hits you. The ice beast freezes you!
You hit the ice beast.
The ice beast is heavily wounded.
The ice beast hits you. The ice beast freezes you!
* * * LOW HITPOINT WARNING * * *
You are too injured to fight recklessly!
Aiming: Bolt of Light
Press: ? - help, Shift-Dir - straight line, f - ice beast
Aim: an ice beast (heavily wounded, 71% to hit)
The bolt of light misses the ice beast.
The ice beast hits you.
* * * LOW HITPOINT WARNING * * *
The ice beast freezes you!
You die...

# #. #.### .... .
#.### .
#######..>######.#
###
..........@Y......
.. #
#######...######..
#. #. #.........#
#. #.###.#####.#.#
{ #. ## #.#...#
#.#.# #.
#.###..#.>.......
#.
#.#.#...####.#..#
#. ##.###.###
#.#... #.
##<........ ..#
.## #.


You could see an ice beast.

Vanquished Creatures
  A wraith (Ossuary)
  A water moccasin (D:6)
  A black bear (D:5)
  An ogre (D:4)
  A centaur (D:5)
  A phantom (D:4)
  A necrophage (D:4)
  A scorpion (D:6)
  2 jellies
  A hound (D:5)
  An orc priest (D:4)
  3 orc wizards (D:6)
  A mummy (Ossuary)
  2 adders
  A worm zombie (D:6)
  2 worms
  2 dart slugs
  9 orcs
  4 endoplasms
  3 giant cockroaches
  7 goblins
  14 hobgoblins
  4 jackals (D:5)
  6 quokkas
  8 ball pythons
  8 bats
  2 frilled lizards
  8 gnoll skeletons (Ossuary)
  A jackal zombie (D:6)
  7 kobolds
  5 kobold skeletons (Ossuary)
  12 orc skeletons (Ossuary)
  10 rats
131 creatures vanquished.

Vanquished Creatures (others)
  8 fungi (D:6)
  A plant (D:3)
9 creatures vanquished.

Grand Total: 140 creatures vanquished

Notes
Turn   | Place    | Note
-------+----------+-------------------------------------------
     0 | D:1      | mopl the Formicid Venom Mage began the quest for the Orb.
     0 | D:1      | Reached XP level 1. HP: 13/13 MP: 3/3
   187 | D:1      | Reached XP level 2. HP: 16/19 MP: 0/5
   477 | D:1      | Reached XP level 3. HP: 24/24 MP: 2/7
   620 | D:1      | Reached skill level 3 in Spellcasting
   628 | D:1      | Reached skill level 5 in Poison Magic
  1338 | D:2      | Reached XP level 4. HP: 30/30 MP: 6/8
  1343 | D:2      | Learned a level 4 spell: Olgreb's Toxic Radiance
  1810 | D:3      | Reached skill level 6 in Poison Magic
  1827 | D:3      | Found a faded altar of an unknown god.
  1837 | D:3      | Got Plato's Handbook of Battle Magic
  2022 | D:3      | Reached XP level 5. HP: 15/35 MP: 3/9
  2376 | D:3      | Found a stormy altar of Qazlal.
  2536 | D:3      | Found a shadowy altar of Dithmenos.
  2665 | D:4      | HP: 1/32 [necrophage (5)]
  2671 | D:4      | Reached skill level 7 in Poison Magic
  2992 | D:4      | Reached XP level 6. HP: 37/41 MP: 7/10
  3246 | D:4      | Noticed an ogre
  3313 | D:4      | Reached skill level 8 in Poison Magic
  4162 | D:4      | Found a broken altar of Ashenzari.
  4217 | D:4      | Killed an ogre
  4218 | D:4      | Reached skill level 1 in Fighting
  4218 | D:4      | Reached skill level 1 in Armour
  4218 | D:4      | Reached skill level 2 in Dodging
  4218 | D:4      | Reached skill level 1 in Shields
  4218 | D:4      | Reached XP level 7. HP: 18/48 MP: 1/11
  4464 | D:5      | Entered Level 5 of the Dungeon
  4811 | D:5      | Reached skill level 2 in Shields
  5016 | D:5      | Reached skill level 1 in Evocations
  5206 | D:5      | Found an ancient bone altar of Kikubaaqudgha.
  5209 | D:5      | Found a shimmering altar of Xom.
  5216 | D:5      | Found a white marble altar of Elyvilon.
  5259 | D:5      | Reached skill level 2 in Fighting
  5259 | D:5      | Reached skill level 2 in Armour
  5396 | D:5      | Found a staircase to the Ecumenical Temple.
  5405 | Temple   | Entered the Ecumenical Temple
  5405 | Temple   | Found a transporter.
  5405 | Temple   | Found a transporter.
  5407 | Temple   | Found a transporter.
  5407 | Temple   | Found a transporter.
  5437 | Temple   | Became a worshipper of Warmaster Okawaru
  5722 | D:6      | Found a sand-covered staircase.
  5779 | D:6      | Found a shimmering blue altar of Sif Muna.
  5812 | Ossuary  | Entered an ossuary
  5812 | Ossuary  | Noticed a wraith
  5812 | Ossuary  | Noticed a wraith
  5812 | Ossuary  | Noticed a wraith
  5840 | Ossuary  | Reached skill level 9 in Poison Magic
  6060 | Ossuary  | Noticed a wraith
  6080 | Ossuary  | Killed a wraith
  6081 | Ossuary  | Reached skill level 3 in Shields
  6081 | Ossuary  | Reached skill level 1 in Invocations
  6081 | Ossuary  | Reached XP level 8. HP: 48/57 MP: 12/12
  6206 | D:6      | Reached skill level 2 in Evocations
  6277 | D:6      | Found a burning altar of Makhleb.
  6279 | D:6      | Found a glowing silver altar of Zin.
  6279 | D:6      | Noticed an angel
  6279 | D:6      | Noticed a blizzard demon
  6351 | D:6      | Reached skill level 3 in Dodging
  6636 | D:6      | Slain by an ice beast

Illustrated notes

Levels and vault maps discovered:
D:1:      ncdulo_watergridlock, layout_rooms, hangedman_glass_teeth,
          roderic_lattice_a, chequers_decorated_corner,
          chequers_serial_rivers_room_a, st_stairs_5
D:2:      layout_loops_cross
D:3:      layout_loops_ring, mainiacjoe_overflow_tiny_flanked,
          lemuel_tele_altar, shapermc_ecumenical_altar_rom_forum,
          serial_park_tiny_1, uniq_sigmund
D:4:      layout_layer_cave, nicolae_overflow_hidden_temple, serial_park_tiny_2
D:5:      layout_basic, grunt_temple_overflow_open,
          minmay_temple_entry_poolview, serial_curves, eino_curves_03,
          eino_curves_02
D:6:      kennysheep_steamy, layout_loops_ring, led_sif_book,
          kennysheep_slug_shrine, grunt_temple_overflow_order_and_chaos_2,
          enter_ossuary_3
Temple:   hellmonk_temple_divided_pantheon

Skill      XL: |  1  2  3  4  5  6  7  8 |
---------------+-------------------------+-----
Spellcasting   | 3 |  3.0
Poison Magic   | 5 6 7 8 9 |  9.3
Fighting       | 1 2 |  2.8
Armour         | 1 2 |  2.8
Dodging        | 2 3 |  3.0
Shields        | 1 3 |  3.6
Evocations     | 1 2 |  2.3
Invocations    | 1 |  1.9
Stealth        | |  2.4
Transmutations | |  1.1

Action                   |  1- 3 |  4- 6 |  7- 9 || total
-------------------------+-------+-------+-------++-------
Melee: Unarmed           |    51 |       |       ||    51
       Punch             |     2 |       |       ||     2
       Whip              |       |    71 |   119 ||   190
       Dagger            |       |    18 |    35 ||    53
 Cast: Sting             |    59 |    46 |    21 ||   126
       Olgreb's Toxic Ra |       |     6 |     3 ||     9
 Abil: Dig               |       |       |     1 ||     1
Evoke: Wand              |       |       |     9 ||     9
  Use: Potion            |       |     1 |       ||     1
       Scroll            |       |       |     8 ||     8
 Stab: Sleeping          |       |     3 |       ||     3
       Invisible         |       |       |     2 ||     2
Armor: Robe              |    17 |     8 |    49 ||    74
Dodge: Dodged            |    62 |    66 |    81 ||   209
Block: Buckler           |       |       |    33 ||    33
